 Dungeon Crawl Stone Soup version 0.30-a0-924-g0ad0bf95bc (webtiles) character file.

Game seed: 10296396319950115815

157 bande the Covered (level 5, -4/33 HPs)
             Began as a Gargoyle Fighter on Mar 22, 2023.
             Slain by an ogre
             ... wielding a +0 giant spiked club
              (11 damage)
             ... on level 4 of the Dungeon.
             The game lasted 00:03:59 (2781 turns).

bande the Covered (Gargoyle Fighter)                Turns: 2781, Time: 00:03:59

Health: -4/33      AC: 13    Str: 19    XL:     5   Next: 38%
Magic:  14/14      EV:  9    Int:  9    God:
Gold:   112        SH:  4    Dex: 11    Spells: 4/4 levels left

rFire   . . .      SeeInvis .    a - +0 war axe (flame)
rCold   . . .      Faith    .    c - +0 buckler
rNeg    + . .      Spirit   .    b - +0 scale mail
rPois   ∞          Reflect  .    m - +0 helmet
rElec   +          Rampage  .    o - scarf {+Inv}
rCorr   .                        (no gloves)
Will    .....                    q - +0 pair of boots Stlth
                                 (no amulet)
HPRegen 0.25/turn                h - ring of magical power
MPRegen 0.14/turn                (no ring)

@: no status effects
A: sickness immunity, AC +4, negative energy resistance 1, electricity
resistance, torment resistance 1, petrification resistance
a: Evoke Invisibility


You were on level 4 of the Dungeon.
You visited 1 branch of the dungeon, and saw 4 of its levels.

You collected 112 gold pieces.

Inventory:

Hand Weapons
 a - a +0 war axe of flaming (weapon)
Armour
 b - a +0 scale mail (worn)
 c - a +0 buckler (worn)
 m - a +0 helmet (worn)
 o - a scarf of invisibility (worn)
 q - a +0 pair of boots (worn)
Jewellery
 h - a ring of magical power (left hand)
Wands
 s - a wand of flame (11)
 t - a wand of paralysis (3)
Scrolls
 f - 3 scrolls of identify
 j - a scroll of fear
 k - a scroll of amnesia
 l - 2 scrolls of teleportation
 u - a scroll of torment {unknown}
Potions
 d - 2 potions of might
 e - a potion of heal wounds
 g - a potion of cancellation {unknown}
 i - 2 potions of mutation {unknown}
 n - a potion of ambrosia {unknown}
 p - 3 potions of curing
 r - a potion of magic {unknown}


   Skills:
 + Level 4.0 Fighting
 + Level 3.3 Axes
 + Level 4.3 Armour
 + Level 3.6 Shields
 * Level 0.9 Evocations


You had 4 spell levels left.
You didn't know any spells.
Your spell library contained the following spells:

 Spells                   Type           Power      Damage    Failure   Level
 Slow                     Hex            0%         N/A       83%         1
 Confusing Touch          Hex            0%         N/A       99%         3
 Vampiric Draining        Necr           0%         2d6       99%         3


Dungeon Overview and Level Annotations

Branches:
Dungeon (4/15)
 Temple: D:4-7

Altars:

Shops:
D:1 [

Annotations:
D:3 3 runed translucent doors, hgbash's ghost, amateur MiBe


Innate Abilities, Weirdness & Mutations

You are immune to sickness and miasma.
Your stone body is resilient. (AC +4)
You are immune to poison.
You resist negative energy. (rN+)
You are resistant to electric shocks. (rElec)
You are resistant to unholy torment.
You are immune to petrification.


Message History

l - 2 scrolls of teleportation (gained 1)
An iguana comes into view.
The iguana hisses angrily.
You slash the iguana! You burn the iguana.
The iguana is almost dead.
The iguana bites you.
You hit the iguana but do no damage.
The iguana is almost dead.
The iguana misses you.
You hit the iguana. You burn the iguana.
The iguana is almost dead.
The iguana bites you but does no damage.
You block the iguana's attack.
You barely miss the iguana.
The iguana is almost dead.
The iguana closely misses you.
You hit the iguana. You burn the iguana.
You kill the iguana!
HP restored.
You now have 107 gold pieces (gained 10).
You see here an iguana corpse.
u - a scroll labelled IPUIGINW KONUTS
f - 3 scrolls of identify (gained 1)
You now have 112 gold pieces (gained 5).
You open the door.
There is an open door here.
There is an open door here.
You see here a +0 sling.
i - 2 sedimented yellow potions (gained 1)
An ogre comes into view. It is wielding a +0 giant spiked club.
The ogre shouts!
You barely miss the ogre.
The ogre hits you with a +0 giant spiked club!!
Ouch! That really hurt!
* * * LOW HITPOINT WARNING * * *
You barely miss the ogre. The ogre misses you.
You slash the ogre! You burn the ogre.
The ogre is heavily wounded.
The ogre hits you with a +0 giant spiked club!
You die...

# #. ## #.# #.#
#..# #.# ..# #.#
#O#.# #@# ########
#.# ##### #.......
#.###...####.#####
#.....#...........
#####...####.#####
##### #.# ########
#.##### #......#
#...... #.####.#
#.#####


You could see an ogre.

Vanquished Creatures
  An iguana (D:4)
  Ijyb (D:3)
  6 adders
  A dart slug (D:2)
  An orc (D:3)
  2 ball pythons
  6 endoplasms
  3 goblins
  4 hobgoblins
  7 jackals (D:2)
  5 bats
  6 frilled lizards
  6 kobolds
  4 rats
53 creatures vanquished.

Notes
Turn   | Place    | Note
-------+----------+-------------------------------------------
     0 | D:1      | bande the Gargoyle Fighter began the quest for the Orb.
     0 | D:1      | Reached XP level 1. HP: 14/14 MP: 1/1
   305 | D:1      | Found Bososout's Armour Shop.
   610 | D:1      | Reached XP level 2. HP: 19/19 MP: 2/2
   943 | D:2      | Reached XP level 3. HP: 21/23 MP: 3/3
  1539 | D:3      | Reached XP level 4. HP: 29/29 MP: 4/4
  1556 | D:3      | Found a runed translucent gate.
  1558 | D:3      | Found a runed translucent gate.
  1558 | D:3      | Found a runed translucent gate.
  1562 | D:3      | Noticed hgbash's ghost (amateur MiBe)
  1866 | D:3      | Found a faded altar of an unknown god.
  1923 | D:3      | Noticed Ijyb
  1931 | D:3      | Killed Ijyb
  2051 | D:3      | Reached XP level 5. HP: 30/33 MP: 5/5
  2775 | D:4      | Noticed an ogre
  2781 | D:4      | Slain by an ogre

Illustrated notes

Levels and vault maps discovered:
D:1:      dpeg_arrival_tiny_c, layout_basic, serial_shops,
          nicolae_shop_hallway_stairs, supply_closet_lemuel
D:2:      layout_basic, serial_park_tiny_1
D:3:      layout_basic, gammafunk_ghost_necromancy,
          nicolae_ecumenical_oubliette, grunt_decor_mini_mirrors, uniq_ijyb
D:4:      layout_loops_corners, mainiacjoe_overflow_surrounded_room,
          kennysheep_generic_room_9, uniq_edmund

Skill      XL: |  1  2  3  4  5 |
---------------+----------------+-----
Axes           | 2 3 |  3.3
Armour         | 4 |  4.3
Fighting       | 4 |  4.0
Shields        | |  3.6
Evocations     | |  0.9

Action                     |  1- 3 |  4- 6 || total
---------------------------+-------+-------++-------
  Melee: War axe           |    60 |    61 ||   121
    Use: Scroll            |    10 |       ||    10
 Armour: Scale mail        |    41 |    42 ||    83
  Dodge: Dodged            |    39 |    28 ||    67
  Block: Buckler           |    20 |    18 ||    38

Table legend: (Time is in decaauts)
 A = Elapsed time spent in this place.
 B = Non-inter-level travel time spent in this place.
 C = Inter-level travel time spent in this place.
 D = Time resting spent in this place.
 E = Time spent auto-exploring this place.
 F = Levels seen in this place.
 G = Mean time per level.
                   A        B        C        D        E       F      G
               +--------+--------+--------+--------+--------+-----+--------+
         Total |   2829 |   2757 |     72 |      0 |   2316 |   4 |  707.2 |
       Dungeon |   2829 |   2757 |     72 |      0 |   2316 |   4 |  707.2 |
               +--------+--------+--------+--------+--------+-----+--------+

Top non-repeatable levels by time:
     D:3: 1100 daAuts
     D:1: 933 daAuts
     D:2: 596 daAuts
     D:4: 199 daAuts
